 Dungeon Crawl Stone Soup version 0.27.1-33-g824d729ab1 (webtiles) character file.

Game seed: 8699295059700606749

97 erik8world the Firebug (level 4, -3/34 HPs)
             Began as a Gnoll Wanderer on Dec 20, 2021.
             Succumbed to Robin's poison
             ... on level 3 of the Dungeon.
             The game lasted 00:05:20 (2104 turns).

erik8world the Firebug (Gnoll Wanderer)             Turns: 2104, Time: 00:05:21

Health: -3/34      AC:  6    Str: 15    XL:     4   Next: 68%
Magic:  5/5        EV: 10    Int:  8    God:
Gold:   73         SH:  0    Dex: 12    Spells: 4/5 levels left

rFire    . . .     SeeInvis .   l - +1 quarterstaff (spect)
rCold    . . .     Faith    .   (shield currently unavailable)
rNeg     . . .     Spirit   .   g - +0 scale mail
rPois    .         Reflect  .   (no helmet)
rElec    .         Harm     .   (no cloak)
rCorr    .         Rampage  .   (no gloves)
Will     .....                  (no boots)
Stlth    ..........             (no amulet)
HPRegen  0.11/turn              (no ring)
MPRegen  0.09/turn              (no ring)

@: lethally poisoned (-3 -> -26)
A: fangs 1, strong nose, distributed training
a: no special abilities


You were on level 3 of the Dungeon.
You visited 1 branch of the dungeon, and saw 3 of its levels.

You collected 73 gold pieces.

Inventory:

Hand Weapons
 a - a +2 quarterstaff
 l - a +1 spectral quarterstaff (weapon)
Missiles
 k - 8 poisoned darts
Armour
 b - a +0 robe
 g - a +0 scale mail (worn)
Scrolls
 c - a scroll of immolation {unknown}
 d - 2 scrolls of teleportation {unknown}
 e - 2 scrolls of identify {unknown}
 i - a scroll of vulnerability {unknown}
 m - a scroll of amnesia {unknown}
Potions
 f - a potion of haste
 j - a potion of resistance {unknown}


   Skills:
 + Level 2.8 Fighting
 + Level 1.2 Short Blades
 + Level 1.2 Long Blades
 + Level 1.2 Axes
 + Level 1.2 Maces & Flails
 + Level 1.2 Polearms
 + Level 2.8 Staves
 + Level 1.2 Slings
 + Level 1.2 Bows
 + Level 1.2 Crossbows
 + Level 4.7 Throwing
 + Level 1.2 Armour
 + Level 2.8 Dodging
 + Level 1.2 Stealth
 + Level 1.2 Shields
 + Level 1.2 Unarmed Combat
 + Level 1.2 Spellcasting
 + Level 1.0 Conjurations
 + Level 3.9 Hexes
 + Level 1.0 Summonings
 + Level 1.0 Necromancy
 + Level 1.0 Translocations
 + Level 1.0 Transmutations
 + Level 5.5 Fire Magic
 + Level 1.0 Ice Magic
 + Level 1.0 Air Magic
 + Level 1.0 Earth Magic
 + Level 1.0 Poison Magic
 + Level 1.3 Invocations
 + Level 1.2 Evocations


You had 4 spell levels left.
You knew the following spells:

 Your Spells              Type           Power      Damage    Failure   Level
a - Freeze                Ice            8%         1d3       71%         1

Your spell library contained the following spells:

 Spells                   Type           Power      Damage    Failure   Level
 Corona                   Hex            6%         N/A       32%         1
 Ensorcelled Hibernation  Hex/Ice        8%         N/A       65%         2
 Tukima's Dance           Hex            6%         N/A       67%         3
 Frozen Ramparts          Ice            4%         1d2       97%         3


Dungeon Overview and Level Annotations

Branches:
Dungeon (3/15)

Altars:

Annotations:
D:3 Robin


Innate Abilities, Weirdness & Mutations

You have very sharp teeth.
Your uncanny sense of smell can sniff out nearby items.
Your experience applies equally to all skills.


Message History

You kill the goblin!
You feel very sick. The bat closely misses you. The goblin misses you.
Robin throws the goblin at you! The goblin hits you with a +0 club.
The goblin barely misses you. Robin hits you but does no damage.
You are more poisoned.
You sock the goblin!
You kill the goblin!
You feel very sick.
The hobgoblin no longer looks unusually strong.
The bat hits you but does no damage. The goblin hits you but does no damage.
The hobgoblin closely misses you. The bat hits you but does no damage.
Robin hits you from afar with a +2 spear of venom.
You are more poisoned.
You hit the hobgoblin.
The hobgoblin is heavily wounded.
Your +1 spectral quarterstaff hits the hobgoblin!
You kill the hobgoblin!
* * * LOW HITPOINT WARNING * * *
You feel extremely sick. The bat hits you but does no damage.
The goblin hits you but does no damage.
Robin roars a battlecry!
The goblin goes into a battle-frenzy!
You barely miss the goblin.
Your +1 spectral quarterstaff hits the goblin!
You kill the goblin!
* * * LOW HITPOINT WARNING * * *
You feel very sick. The bat completely misses you.
The bat hits you but does no damage. Robin barely misses you.
It was a potion of haste.
You feel yourself speed up.
* * * LOW HITPOINT WARNING * * *
You feel very sick. The bat hits you but does no damage.
Robin hits you but does no damage.
You are more poisoned.
It was a potion of cancellation.
Your magical effects are unravelling.
You feel magically purged.
You feel yourself slow down.
You die...

#.#.##...... ....
######......###.#
.....
#....<....####..#
.....
#.#######....#.#
...... #.#
#......## ......
<.#
###.....###......
<#
###..b..)......
## #.#).).......
# #...@ยง##....g
#
#.....##)#...g..
.
..##.###.gg.$..g
.. # #..#
##....... ## #..#
....... #..#
....... # #."....
...... ##.###


You could see Robin, a goblin (strong) and a bat.

Vanquished Creatures
  Terence (D:2)
  2 adders (D:2)
  A dart slug (D:2)
  2 ball pythons
  6 bats
  4 endoplasms
  5 giant cockroaches
  11 goblins
  3 hobgoblins
  3 jackals (D:1)
  3 kobolds
  A quokka (D:1)
  2 frilled lizards
  3 rats
  2 toadstools (D:1)
49 creatures vanquished.

Vanquished Creatures (others)
  2 toadstools (D:1)
2 creatures vanquished.

Grand Total: 51 creatures vanquished

Notes
Turn   | Place    | Note
-------+----------+-------------------------------------------
     0 | D:1      | erik8world the Gnoll Wanderer began the quest for the Orb.
     0 | D:1      | erik8world set off with the following items: a +2
                  | quarterstaff, a +0 robe; and the following spell memorised:
                  | Freeze; and the following spells available to memorise:
                  | Frozen Ramparts
     0 | D:1      | Reached XP level 1. HP: 17/17 MP: 1/1
   316 | D:1      | Reached XP level 2. HP: 22/23 MP: 2/2
   957 | D:1      | Reached XP level 3. HP: 28/28 MP: 3/3
  1144 | D:2      | Noticed Terence
  1158 | D:2      | Killed Terence
  1159 | D:2      | Reached skill level 1 in Short Blades
  1159 | D:2      | Reached skill level 1 in Long Blades
  1159 | D:2      | Reached skill level 1 in Axes
  1159 | D:2      | Reached skill level 1 in Maces & Flails
  1159 | D:2      | Reached skill level 1 in Polearms
  1159 | D:2      | Reached skill level 1 in Slings
  1159 | D:2      | Reached skill level 1 in Bows
  1159 | D:2      | Reached skill level 1 in Crossbows
  1159 | D:2      | Reached skill level 1 in Armour
  1159 | D:2      | Reached skill level 1 in Stealth
  1159 | D:2      | Reached skill level 1 in Shields
  1159 | D:2      | Reached skill level 1 in Unarmed Combat
  1159 | D:2      | Reached skill level 1 in Spellcasting
  1159 | D:2      | Reached skill level 1 in Invocations
  1159 | D:2      | Reached skill level 1 in Evocations
  1276 | D:2      | Reached XP level 4. HP: 30/34 MP: 5/5
  1540 | D:2      | Found a faded altar of an unknown god.
  2084 | D:3      | Noticed Robin
  2089 | D:3      | Reached skill level 1 in Conjurations
  2089 | D:3      | Reached skill level 1 in Summonings
  2089 | D:3      | Reached skill level 1 in Necromancy
  2089 | D:3      | Reached skill level 1 in Translocations
  2089 | D:3      | Reached skill level 1 in Transmutations
  2089 | D:3      | Reached skill level 1 in Ice Magic
  2089 | D:3      | Reached skill level 1 in Air Magic
  2089 | D:3      | Reached skill level 1 in Earth Magic
  2089 | D:3      | Reached skill level 1 in Poison Magic
  2103 | D:3      | HP: 1/34 [poisoned by Robin]
  2104 | D:3      | Succumbed to Robin's poison

Illustrated notes

Levels and vault maps discovered:
D:1:      ldierk_water_garden, layout_basic
D:2:      layout_basic, shapermc_ecumenical_altar_mp_urbaneastern, uniq_terence
D:3:      layout_rooms, uniq_sigmund, uniq_robin

Skill      XL: |  1  2  3  4 |
---------------+-------------+-----
Short Blades   | 1 |  1.2
Long Blades    | 1 |  1.2
Axes           | 1 |  1.2
Maces & Flails | 1 |  1.2
Polearms       | 1 |  1.2
Slings         | 1 |  1.2
Bows           | 1 |  1.2
Crossbows      | 1 |  1.2
Armour         | 1 |  1.2
Stealth        | 1 |  1.2
Shields        | 1 |  1.2
Unarmed Combat | 1 |  1.2
Spellcasting   | 1 |  1.2
Invocations    | 1 |  1.3
Evocations     | 1 |  1.2
Conjurations   | 1 |  1.0
Summonings     | 1 |  1.0
Necromancy     | 1 |  1.0
Translocations | 1 |  1.0
Transmutations | 1 |  1.0
Ice Magic      | 1 |  1.0
Air Magic      | 1 |  1.0
Earth Magic    | 1 |  1.0
Poison Magic   | 1 |  1.0
Fighting       | |  2.8
Staves         | |  2.8
Throwing       | |  4.7
Dodging        | |  2.8
Hexes          | |  3.9
Fire Magic     | |  5.5

Action                   |  1- 3 |  4- 6 || total
-------------------------+-------+-------++-------
Melee: Quarterstaff      |    58 |    38 ||    96
       Bite              |     2 |     4 ||     6
 Cast: Freeze            |     1 |       ||     1
  Use: Potion            |       |     2 ||     2
 Stab: Sleeping          |     2 |       ||     2
Armor: Robe              |    10 |       ||    10
       Scale mail        |     1 |    34 ||    35
Dodge: Dodged            |    43 |    33 ||    76
